 Dungeon Crawl Stone Soup version 0.18-a0-1702-gd20c6a5 (webtiles) character file.

13547 Ratboiler the Severer (level 11, -14/90 HPs)
             Began as a Deep Elf Wanderer on Apr 6, 2016.
             Was a High Priest of Trog.
             Demolished by Rupert
             ... wielding a +1 great sword of freezing
              (21 damage)
             ... on level 12 of the Dungeon.
             The game lasted 00:36:31 (15406 turns).

Ratboiler the Severer (Deep Elf Wanderer)          Turns: 15406, Time: 00:36:31

Health: -14/90     AC: 19    Str: 17    XL:     11   Next: 77%
Magic:  14/14      EV:  6    Int: 16    God:    Trog [*****.]
Gold:   79         SH:  5    Dex: 16    Spells: 0 memorised, 10 levels left

rFire  + . .     SeeInvis +     a - +4 war axe (venom)
rCold  + . .     Gourm    +     z - +6 chain mail of Kuyvvip {rF+}
rNeg   + . .     Faith    .     g - +2 buckler {rN+}
rPois  +         Spirit   .     q - +2 hat {SInv}
rElec  .         Dismiss  .     c - +0 cloak
rCorr  .         Reflect  .     (no gloves)
SustAt .         Harm     .     t - +0 pair of boots
MR     +....                    A - amulet of the gourmand
Stlth  ..........               G - ring of poison resistance
                                R - ring of protection from cold

@: berserking (expiring), very quick, somewhat resistant to hostile
enchantments, extremely unstealthy
A: beak
a: Berserk, Trog's Hand, Brothers in Arms, Burn Spellbooks, Renounce Religion


You were on level 12 of the Dungeon.
You worshipped Trog.
Trog was extremely pleased with you.
You were very full.

You visited 2 branches of the dungeon, and saw 13 of its levels.

You collected 639 gold pieces.
You spent 560 gold pieces at shops.

Inventory:

Hand Weapons
 a - a +4 war axe of venom (weapon)
 b - a +0 blowgun
 p - a +2 hunting sling of flaming
Missiles
 l - 220 stones (quivered)
 I - 74 poisoned needles
Armour
 c - a +0 cloak (worn)
 g - a +2 buckler of positive energy (worn)
 q - a +2 hat of see invisible (worn)
 t - a +0 pair of boots (worn)
 u - a troll hide
 z - the +6 chain mail of Kuyvvip (worn) {rF+}
   (You found it on level 7 of the Dungeon)

   It protects you from fire.
 C - a +2 ring mail of poison resistance
Jewellery
 e - an uncursed ring of protection from fire
 r - a +3 ring of dexterity
 v - an uncursed ring of stealth
 A - an amulet of the gourmand (around neck)
 B - an uncursed ring of positive energy
 G - a ring of poison resistance (right hand)
 P - an uncursed ring of sustain attributes
 R - a ring of protection from cold (left hand)
 V - an uncursed ring of resist corrosion
 W - a +3 ring of protection
Wands
 f - a wand of random effects (18/48)
 m - a wand of polymorph (0/24)
 D - a wand of random effects (30/48)
 F - a wand of disintegration (16/24)
Scrolls
 i - 2 scrolls of fear
 j - 4 scrolls of recharging
 o - 8 scrolls of remove curse
 s - a scroll of immolation
 y - 2 scrolls of enchant weapon
 H - 2 scrolls of magic mapping {unknown}
 J - a scroll of fog
Potions
 k - 2 potions of mutation
 n - 3 potions of berserk rage
 w - 2 potions of might
 x - 4 potions of lignification
 E - a potion of ambrosia
 O - 2 potions of flight
 T - a potion of magic
 U - a potion of invisibility
Miscellaneous
 Q - a phantom mirror
Comestibles
 d - 9 bread rations
 h - 6 meat rations
 K - a royal jelly
 L - 3 slices of pizza
 M - 15 fruits
 N - 3 beef jerkies
 S - 3 chunks of flesh


   Skills:
 - Level 3.2 Fighting
 * Level 15.2 Axes
 - Level 3.2 Armour
 - Level 2.1 Evocations


You had 10 spell levels left.
You didn't know any spells.

Dungeon Overview and Level Annotations

Branches:
Dungeon (12/15)            Temple (1/1) D:7            Lair (0/8) D:11
    Orc (0/2) D:11

Altars:
Ashenzari
Cheibriados
Dithmenos
Elyvilon
Fedhas
Gozag
Kikubaaqudgha
Makhleb
Nemelex Xobeh
Okawaru
Pakellas
Qazlal
Ru
Sif Muna
Trog
Vehumet
Xom
Yredelemnul
Zin
The Shining One

Shops:
D:5 *}*!=   D:6 ?

Annotations:
D:2 exclusion: downstairs
D:4 wvc's ghost, amateur VSNe
D:5 Ratboiler's ghost, amateur DEWn
D:12 Rupert


Innate Abilities, Weirdness & Mutations

You have a beak for a mouth.


Message History

Rupert freezes you.
You slash Rupert!
Rupert is heavily wounded.
Rupert completely misses you.
You slash Rupert! You peck Rupert!
Rupert is heavily wounded.
Your chain mail of Kuyvvip prevents you from hitting Rupert.
You peck Rupert.
Rupert is severely wounded.
Rupert hits you with a great sword of freezing!!
* * * LOW HITPOINT WARNING * * *
Rupert freezes you.
* * * LOW HITPOINT WARNING * * *
An ice beast comes into view.
You hit Rupert.
Rupert is severely wounded.
You slash Rupert! Your peck misses Rupert.
Rupert is severely wounded.
Rupert hits you with a great sword of freezing!!
You die...

...###. # ......
. #. ..... <.
##.## .... ...
..... ... ....
.....##.##.....
. #...†.....#.
....#...<.......
.......@....###.
....>.)@)...#
.#......##.##
####.... ...
..... .....
#...... .Y.Y
..#.... !...
.........


You could see Rupert (berserk) and an ice beast.

Vanquished Creatures
  A queen ant (D:11)
  An ugly thing (D:8)
  Pikel (D:8)
  3 trolls
  A shadow (D:11)
  6 yaks
  2 wyverns (D:11)
  Grum (D:8)
  A hippogriff (D:11)
  A mottled dragon (D:11)
  6 soldier ants (D:11)
  4 porcupines (D:11)
  12 ice beasts
  12 orc warriors
  2 slaves (D:8)
  2 phantoms
  10 ogres
  3 sky beasts
  2 wolves (D:8)
  2 crocodiles (D:11)
  6 centaurs
  3 big kobolds
  8 giant frogs
  5 gnoll sergeants (D:11)
  A water moccasin zombie (D:7)
  2 water moccasin skeletons
  A wyvern skeleton (D:11)
  6 scorpions
  3 killer bees (D:11)
  2 giant frog zombies
  9 howler monkeys
  A wasp zombie (D:9)
  A centaur zombie (D:7)
  5 crimson imps
  11 orc priests
  9 hounds
  8 orc wizards
  A giant frog skeleton (D:7)
  4 jellies
  8 iguanas
  21 worker ants
  2 hound skeletons (D:4)
  Robin (D:3)
  5 gnolls
  A howler monkey skeleton (D:4)
  12 adders
  5 river rats (D:11)
  2 shadow imps
  3 oozes
  An adder zombie (D:5)
  2 adder skeletons
  3 worms
  A dart slug (D:5)
  6 giant geckos
  59 orcs
  7 bats
  8 giant cockroaches
  20 goblins
  9 hobgoblins
  14 jackals
  9 quokkas
  2 giant gecko skeletons
  8 giant newts
  11 kobolds
  A quokka zombie (D:7)
  4 rats
384 creatures vanquished.

Vanquished Creatures (others)
  A quokka (D:6)
  A bush (D:11)
  3 fungi (D:11)
  5 plants (D:11)
10 creatures vanquished.

Grand Total: 394 creatures vanquished

Notes
Turn   | Place    | Note
--------------------------------------------------------------
     0 | D:1      | Ratboiler the Deep Elf Wanderer began the quest for the Orb.
     0 | D:1      | Ratboiler set off with: a +2 scale mail, a +0 hand axe, a +0 spear, a bread ration
     0 | D:1      | Reached XP level 1. HP: 14/14 MP: 4/4
    61 | D:1      | Reached skill level 1 in Axes
   180 | D:1      | Reached XP level 2. HP: 19/19 MP: 5/5
   967 | D:2      | Found a sparkling altar of Nemelex Xobeh.
  1444 | D:2      | Reached skill level 2 in Axes
  1925 | D:2      | Reached XP level 3. HP: 15/23 MP: 6/6
  2702 | D:3      | Found a shattered altar of Ashenzari.
  2767 | D:3      | Reached skill level 3 in Axes
  2847 | D:3      | Reached XP level 4. HP: 28/28 MP: 7/7
  2924 | D:3      | Found a faded altar to an unknown god.
  3289 | D:3      | Noticed Robin
  3378 | D:3      | Killed Robin
  3766 | D:3      | Reached skill level 4 in Axes
  3766 | D:3      | Reached XP level 5. HP: 31/32 MP: 8/8
  4443 | D:4      | Noticed wvc's ghost (amateur VSNe)
  4526 | D:3      | Reached XP level 6. HP: 35/37 MP: 9/9
  4717 | D:4      | Reached skill level 5 in Axes
  5599 | D:4      | Found a basalt altar of Yredelemnul.
  5641 | D:4      | Reached skill level 6 in Axes
  5676 | D:5      | Entered Level 5 of the Dungeon
  5681 | D:5      | Found Engaq's Assorted Antiques.
  5686 | D:5      | Bought a glowing hat for 100 gold pieces
  5686 | D:5      | Bought a scroll labeled AMALULYFUE for 25 gold pieces
  5686 | D:5      | Bought 2 glowing white potions for 45 gold pieces
  5686 | D:5      | Bought a worn brass wand for 100 gold pieces
  5686 | D:5      | Bought a fuming brown potion for 22 gold pieces
  5746 | D:5      | Reached XP level 7. HP: 35/41 MP: 10/10
  5899 | D:5      | Found Mute's Jewellery Shoppe.
  5903 | D:5      | Found an ancient bone altar of Kikubaaqudgha.
  6004 | D:5      | Found Risupnem's Assorted Antiques.
  6007 | D:5      | Bought a scroll labeled AREUSK AGRESTRAE for 24 gold pieces
  6007 | D:5      | Bought a scroll labeled HYOTWU WOJAOT for 24 gold pieces
  6081 | D:5      | Noticed Ratboiler's ghost (amateur DEWn)
  6204 | D:5      | Reached skill level 7 in Axes
  6208 | D:5      | Found Nidirhas's Distillery.
  6276 | D:5      | Bought a potion of degeneration for 13 gold pieces
  6506 | D:5      | Found Miniosy's Gadget Shop.
  6531 | D:5      | Found a blossoming altar of Fedhas.
  6623 | D:6      | Found Zuxein's Magic Scroll Emporium.
  6783 | D:6      | Reached XP level 8. HP: 46/46 MP: 11/11
  6836 | D:5      | Reached skill level 8 in Axes
  7024 | D:6      | Found an opulent altar of Gozag.
  7396 | D:6      | Bought a scroll of identify for 20 gold pieces
  7396 | D:6      | Bought a scroll of identify for 20 gold pieces
  7396 | D:6      | Bought a scroll of immolation for 35 gold pieces
  7429 | D:6      | Found a white marble altar of Elyvilon.
  7443 | D:6      | Reached skill level 9 in Axes
  7980 | D:7      | Got a crude chain mail
  7991 | D:7      | Identified the +6 chain mail of Kuyvvip {rF+} (You found it on level 7 of the Dungeon)
  8256 | D:7      | Found a staircase to the Ecumenical Temple.
  8277 | Temple   | Entered the Ecumenical Temple
  8417 | Temple   | Became a worshipper of Trog the Wrathful
  8505 | D:7      | Reached XP level 9. HP: 51/51 MP: 12/12
  8550 | D:6      | Gained mutation: You have a beak for a mouth. [mutagenic meat]
  8606 | D:6      | Reached skill level 10 in Axes
  8896 | D:7      | Found a glowing silver altar of Zin.
  9708 | D:8      | Noticed a cyan ugly thing
  9814 | D:8      | Reached * piety under Trog
 10062 | D:8      | Reached skill level 11 in Axes
 10360 | D:8      | Killed a cyan ugly thing
 10573 | D:8      | Noticed Grum
 10586 | D:8      | Killed Grum
 10845 | D:8      | Found a blossoming altar of Fedhas.
 10845 | D:8      | Noticed Pikel
 10859 | D:8      | Killed Pikel
 10859 | D:8      | Reached skill level 12 in Axes
 10859 | D:8      | Reached XP level 10. HP: 56/56 MP: 13/13
 10929 | D:8      | Found a snail-covered altar of Cheibriados.
 10929 | D:8      | Found a glowing golden altar of the Shining One.
 10930 | D:8      | Found an oddly glowing altar of Pakellas.
 11029 | D:5      | Bought a scroll of identify for 48 gold pieces
 11029 | D:5      | Bought a scroll labeled ACOGREUDEL for 24 gold pieces
 11068 | D:6      | Bought a scroll of identify for 20 gold pieces
 11068 | D:6      | Bought a scroll of identify for 20 gold pieces
 11068 | D:6      | Bought a scroll of identify for 20 gold pieces
 11108 | D:8      | Found an iron altar of Okawaru.
 11703 | D:9      | Reached ** piety under Trog
 11948 | D:10     | Entered Level 10 of the Dungeon
 12416 | D:10     | Reached skill level 13 in Axes
 12945 | D:11     | Reached *** piety under Trog
 13433 | D:11     | Reached XP level 11. HP: 60/60 MP: 14/14
 13482 | D:11     | Reached **** piety under Trog
 13497 | D:11     | Identified a scroll of acquirement
 13526 | D:11     | Noticed a queen ant
 13536 | D:11     | Killed a queen ant
 13536 | D:11     | Reached skill level 14 in Axes
 14235 | D:10     | Reached ***** piety under Trog
 14675 | D:11     | Found a staircase to the Orcish Mines.
 15088 | D:11     | Found a staircase to the Lair.
 15109 | D:11     | Reached skill level 15 in Axes
 15387 | D:12     | Noticed Rupert
 15406 | D:12     | Demolished by Rupert

Vault maps used:
D:1:      evilmike_arrival_plus
D:2:      nemelex_xobeh_ov_fountains_minmay, first_bread,
          guppyfry_early_orc_mine
D:3:      ecumenical_altar_2, cheibrodos_ashenzari_chains, uniq_robin
D:4:      lemuel_round_altar
D:5:      lemuel_crystal_altar, overflow_temple_1_default, serial_shops,
          nicolae_shop_behind_doors, kennysheep_mini_moat, shop_fountains, shop,
          shop
D:6:      minmay_opposing_rooms, elyvilon_altar_4, lemuel_doored_altar,
          serial_shops, shop
D:7:      lemuel_coloured_pillars_altar, minmay_temple_entry_overgrown
D:8:      nicolae_overflow_crystal_walls, gammafunk_temple_overflow_claw,
          hangedman_tree_tricks, minmay_diamond_spiral, uniq_grum, uniq_pikel
D:10:     abandoned_shop
D:11:     minmay_lair_entry_grove, kennysheep_orc_monster_closet_entryway,
          minmay_another_anthill
D:12:     minmay_diamond_stairs, serial_shops, nicolae_shop_stone,
          portal_ice_cave_entry_ice_beasts, uniq_rupert
Temple:   jpeg_temple_clearing_9

Skill      XL: |  1  2  3  4  5  6  7  8  9 10 11 |
---------------+----------------------------------+-----
Axes           | 1 2 3 4 6 7 9 12 13 15 | 15.2
Fighting       | |  3.2
Armour         | |  3.2
Evocations     | |  2.1

Action                   |  1- 3 |  4- 6 |  7- 9 | 10-12 || total
-------------------------+-------+-------+-------+-------++-------
Melee: Hand axe          |   127 |       |       |       ||   127
       War axe           |    61 |   199 |   377 |   459 ||  1096
       Unarmed           |       |     9 |       |       ||     9
 Fire: Hunting sling     |       |       |     3 |       ||     3
Throw: Stone             |       |     2 |       |       ||     2
Invok: Burn Spellbooks   |       |       |     2 |     3 ||     5
       Berserk           |       |       |     1 |     9 ||    10
Evoke: Wand              |       |     1 |       |       ||     1
  Use: Scroll            |     2 |     1 |     6 |    13 ||    22
       Potion            |       |       |       |     3 ||     3
 Stab: Sleeping          |       |       |     4 |       ||     4
  Eat: Beef jerky        |     2 |     1 |       |       ||     3
       Chunk             |     3 |    15 |    19 |    23 ||    60
       Pizza             |       |     1 |       |       ||     1
